 Dungeon Crawl Stone Soup version 0.25-a0-507-gf66f01b (webtiles) character file.

Game seed: 17283166178626989655, levelgen mode: deterministic

19 15 the Insei (level 2, 0/14 HPs)
             Began as a Vine Stalker Transmuter on Feb 14, 2020.
             Succumbed to a kobold's poison
             ... on level 1 of the Dungeon.
             The game lasted 00:02:01 (459 turns).

15 the Insei (Vine Stalker Transmuter)               Turns: 459, Time: 00:02:02

Health: 0/14       AC:  2    Str: 12    XL:     2   Next: 75%
Magic:  1/6        EV: 12    Int: 13    God:
Gold:   30         SH:  0    Dex: 14    Spells: 2/5 levels left

rFire    . . .     SeeInvis .     - Unarmed
rCold    . . .     Gourm    .   (no shield)
rNeg     . . .     Faith    .   b - +0 robe
rPois    .         Spirit   +   (no helmet)
rElec    .         Reflect  .   (no cloak)
rCorr    .         Harm     .   (no gloves)
MR       .....                  (no boots)
Stlth    ++........             (no amulet)
HPRegen  0.04/turn              (no ring)
MPRegen  0.10/turn              (no ring)

@: lethally poisoned (0 -> -17), very slightly contaminated
A: fangs 2, magic shield, antimagic bite, no potion heal 3, rot immunity
a: no special abilities


You were on level 1 of the Dungeon.
You were not hungry.

You visited 1 branch of the dungeon, and saw 1 of its levels.

You collected 30 gold pieces.

Inventory:

Missiles
 a - 10 arrows
Armour
 b - a +0 robe (worn)
Jewellery
 g - an uncursed ring of fire
Scrolls
 e - a scroll of amnesia {unknown}
 h - a scroll of immolation {unknown}
Potions
 c - a potion of brilliance {unknown}
Comestibles
 d - 2 rations
 f - 6 chunks of flesh


   Skills:
 * Level 1.0 Fighting
 * Level 0.2 Armour
 * Level 1.7 Dodging
 * Level 0.8 Stealth
 + Level 3.2 Unarmed Combat
 * Level 2.4 Spellcasting
 * Level 2.2 Transmutations


You had 2 spell levels left.
You knew the following spells:

 Your Spells              Type           Power        Failure   Level  Hunger
a - Beastly Appendage     Tmut           #.....       10%         1    #......
b - Sticks to Snakes      Tmut           #.......     16%         2    ###....

Your spell library contained the following spells:

 Spells                   Type           Power        Failure   Level  Hunger
 Spider Form              Tmut/Pois      #.........   43%         3    ###....
 Ice Form                 Ice/Tmut       #.......     83%         4    #####..
 Blade Hands              Tmut           #.........   95%         5    ######.


Dungeon Overview and Level Annotations

Branches:
Dungeon (1/15)

Altars:


Innate Abilities, Weirdness & Mutations

You have extremely sharp teeth.
When hurt, damage is shared between your health and your magic reserves.
Your bite disrupts and absorbs the magic of your enemies.
Potions cannot restore your health.
You are immune to rotting.


Message History

The kobold hits you with a +1 dagger of venom.
Casting: Sticks to Snakes (safe; 16% risk of failure)
Confirm with . or Enter, or press ? or * to list all spells.
You miscast Beastly Appendage.
You are very lightly contaminated with residual magic.
Nothing appears to happen.
The kobold hits you with a +1 dagger of venom.
* * * LOW HITPOINT WARNING * * *
You are more poisoned.
You barely miss the kobold. You bite the kobold, but do no damage.
* * * LOW HITPOINT WARNING * * *
You feel sick. The kobold barely misses you.
You barely miss the kobold. Your bite misses the kobold.
* * * LOW HITPOINT WARNING * * *
You feel sick.
Your ball python bites the kobold but does no damage.
Your ball python grabs the kobold.
Your ball python constricts the kobold.
The kobold closely misses you.
Your ball python bites the kobold but does no damage.
You die...

#.###..........)....#.♣
.P
#...................#.♣
..
#.####....P.........#..
♣ #....♣.........#..
#..............#...
###.............#.##
#......)......#...
#.......#.###.#...
#.....@.#...#
####+#S......#
#.....KS.#.....
#.....####..... #......
... #......K ..
#........ . #........#
#........♣


You could see a kobold and 2 friendly ball pythons.

Vanquished Creatures
  2 leopard geckos (D:1)
  A bat (D:1)
  3 giant cockroaches (D:1)
  A goblin (D:1)
  4 hobgoblins (D:1)
  A kobold (D:1)
  A frilled lizard (D:1)
  A rat (D:1)
14 creatures vanquished.

Notes
Turn   | Place    | Note
-------+----------+-------------------------------------------
     0 | D:1      | 15 the Vine Stalker Transmuter began the quest for the Orb.
     0 | D:1      | Reached XP level 1. HP: 9/9 MP: 4/4
    68 | D:1      | Reached skill level 1 in Fighting
   121 | D:1      | Reached XP level 2. HP: 6/14 MP: 4/6
   391 | D:1      | Learned a level 2 spell: Sticks to Snakes
   459 | D:1      | Succumbed to a kobold's poison

Levels and vault maps discovered:
D:1:      dpeg_arrival_erosion, layout_basic, serial_forest,
          infiniplex_forest_end_1, infiniplex_forest_straight_4,
          infiniplex_forest_zigzag_1, infiniplex_forest_join,
          infiniplex_forest_diagonal, infiniplex_forest_lined_2,
          infiniplex_forest_clump_diagonal, infiniplex_forest_clump_tiny,
          infiniplex_forest_join

Skill      XL: |  1 |
---------------+----+-----
Fighting       | 1 |  1.0
Armour         | |  0.2
Dodging        | |  1.7
Stealth        | |  0.8
Unarmed Combat | |  3.2
Spellcasting   | |  2.4
Transmutations | |  2.2

Action                   || total
-------------------------++-------
Melee: Unarmed           ||    30
       Bite              ||     7
       Kick              ||     4
 Cast: Beastly Appendage ||     6
       Sticks to Snakes  ||     2
Armor: Robe              ||     6
Dodge: Dodged            ||    14

Table legend:
 A = Non-vault XP
 B = Vault XP
 C = Vault XP percentage of total XP
 D = Non-vault monster count
 E = Vault monster count
 F = Vault count percentage of total count
                 A         B        C        D         E       F
            +---------+---------+-------+---------+---------+-------
      Total |      28 |       0 |   0.0 |      14 |       0 |   0.0
            +---------+---------+-------+---------+---------+-------
        D:1 |      28 |       0 |   0.0 |      14 |       0 |   0.0
            +---------+---------+-------+---------+---------+-------
